 Dungeon Crawl Stone Soup version 0.30-a0-187-gd9c2deaf24 (webtiles) character file.

Game seed: 16850822599826191639

39 Sweetruy1997 the Chopper (level 3, -1/29 HPs)
             Began as a Demonspawn Chaos Knight on Oct 4, 2022.
             Was a Plaything of Xom.
             Slain by a gnoll
             ... wielding a +0 flail
              (4 damage)
             ... on level 2 of the Dungeon.
             The game lasted 00:02:32 (1128 turns).

Sweetruy1997 the Chopper (Demonspawn Chaos Knight)  Turns: 1128, Time: 00:02:33

Health: -1/29      AC:  6    Str: 12    XL:     3   Next: 26%
Magic:  3/3        EV:  8    Int: 13    God:    Xom [.....*]
Gold:   83         SH:  0    Dex: 14    Spells: 2/2 levels left

rFire   . . .      SeeInvis .    a - +0 hand axe (chaos)
rCold   . . .      Faith    .    (no shield)
rNeg    . . .      Spirit   .    b - +2 leather armour
rPois   .          Reflect  .    (no helmet)
rElec   .          Harm     .    (no cloak)
rCorr   .          Rampage  .    (no gloves)
Will    .....                    j - +0 pair of boots
Stlth   +.........               (no amulet)
HPRegen 0.24/turn                (no ring)
MPRegen 0.08/turn                (no ring)

@: held
A: repulsion field 1
a: Renounce Religion


You were on level 2 of the Dungeon.
You worshipped Xom.
You were Xom's teddy bear.
You visited 1 branch of the dungeon, and saw 2 of its levels.

You collected 83 gold pieces.

Inventory:

Hand Weapons
 a - a +0 hand axe of chaos (weapon)
Armour
 b - a +2 leather armour (worn)
 j - a +0 pair of boots (worn)
Jewellery
 n - an amulet of faith
Scrolls
 d - a scroll of identify {unknown}
 e - a scroll of fog {unknown}
 f - a scroll of torment {unknown}
 i - a scroll of teleportation {unknown}
 l - a scroll of magic mapping {unknown}
 m - a scroll of enchant weapon {unknown}
Potions
 g - a potion of curing {unknown}
 h - a potion of heal wounds {unknown}
 k - 2 potions of degeneration {unknown}
Miscellaneous
 c - a piece from Xom's chessboard (9/15) (quivered)


   Skills:
 + Level 3.2 Fighting
 + Level 3.4 Axes
 - Level 2.0 Armour
 + Level 0.9 Dodging
 + Level 1.0 Stealth
 + Level 0.3 Evocations


You had 2 spell levels left.
You didn't know any spells.
Your spell library was empty.

Dungeon Overview and Level Annotations

Branches:
Dungeon (2/15)

Altars:


Innate Abilities, Weirdness & Mutations

You are surrounded by a mild repulsion field. (EV +2)


Message History

You are too injured to fight recklessly!
You completely miss the gnoll.
The gnoll is heavily wounded.
You barely miss the gnoll. The gnoll hits you but does no damage.
You hit the gnoll. You burn the gnoll.
You kill the gnoll!
You barely miss the gnoll.
The gnoll throws a throwing net.
The throwing net barely misses you. The gnoll barely misses you.
A giant cockroach comes into view.
Your Stealth skill increases to level 1!
You barely miss the gnoll. x2; The gnoll closely misses you.
The gnoll hits you with a +0 flail.
You barely miss the gnoll. x2; You hit the gnoll but do no damage.
The gnoll seems to speed up.
Xom is amused.
Xom's power touches on a nearby monster.
The gnoll suddenly stops moving!
The gnoll barely misses you. The gnoll hits you with a +0 flail.
The gnoll misses you.
You hit the gnoll. You drain the gnoll.
The gnoll is severely wounded.
The helpless gnoll fails to defend itself.
You hit the gnoll. You burn the gnoll. You hit the gnoll.
The gnoll resists with some effort.
The gnoll barely misses you. x2
The gnoll hits you with a +0 flail.
* * * LOW HITPOINT WARNING * * *
The gnoll closely misses you.
You swap places.
The gnoll throws a throwing net.
The throwing net hits you.
You become entangled in the net!
The gnoll hits you with a +0 flail.
* * * LOW HITPOINT WARNING * * *
You see here a throwing net.
You struggle against the net.
The gnoll hits your butterfly with a +0 flail!
Your butterfly dies!
Your butterfly disappears in a puff of smoke!
You struggle against the net.
The gnoll hits you with a +0 flail.
* * * LOW HITPOINT WARNING * * *
The gnoll hits you but does no damage.
You struggle against the net.
The gnoll hits you with a +0 flail.
You die...
Xom chuckles heartily!

##.###..#. ..... #
#.#...... ..... #..
..#..#### ... ..# ###..#
$!. ..# #..# #.# ##.##
#..# #.###...## #..#
#.###(##b..b.###..#
#..gg@........##..#
#.....B.g##......##.)#
############...#.##..####
##............
####.##..#### #.##......
#.###.#### #.# #.#
#.###.#


You could see 3 gnolls and a giant cockroach.

Vanquished Creatures
  A gnoll (D:2)
  2 ball pythons
  3 endoplasms (D:1)
  A giant cockroach (D:1)
  4 goblins
  2 hobgoblins
  A quokka (D:1)
  4 bats
  A frilled lizard (D:1)
  3 kobolds
  5 rats
27 creatures vanquished.

Notes
Turn   | Place    | Note
-------+----------+-------------------------------------------
     0 | D:1      | Sweetruy1997 the Demonspawn Chaos Knight began the quest
                  | for the Orb.
     0 | D:1      | Reached XP level 1. HP: 18/18 MP: 1/1
    95 | D:1      | Gained mutation: You are surrounded by a mild repulsion
                  | field. (EV +2) [demonic ancestry]
    95 | D:1      | Reached XP level 2. HP: 24/24 MP: 2/2
   676 | D:1      | XOM: divination: detect items
   734 | D:2      | XOM: noise
   961 | D:2      | XOM: silly message
  1075 | D:2      | Reached XP level 3. HP: 29/29 MP: 3/3
  1117 | D:2      | XOM: butterfly on damage
  1122 | D:2      | Reached skill level 1 in Stealth
  1123 | D:2      | XOM: enchant monster (good)
  1128 | D:2      | Slain by a gnoll

Illustrated notes

Levels and vault maps discovered:
D:1:      ncdulo_halloftheorcs, layout_basic
D:2:      layout_loops_ring

Skill      XL: |  1  2  3 |
---------------+----------+-----
Axes           | 3 |  3.4
Armour         | 2 |  2.0
Stealth        | 1 |  1.0
Fighting       | |  3.2
Dodging        | |  0.9
Evocations     | |  0.3

Action                   || total
-------------------------++-------
Melee: Hand axe          ||    68
Evoke: Piece from Xom's  ||     7
 Stab: Petrified         ||     4
       Petrifying        ||     2
       Sleeping          ||     2
       Paralysed         ||     1
Armor: Leather armour    ||    21
Dodge: Dodged            ||    50

Table legend: (Time is in decaauts)
 A = Elapsed time spent in this place.
 B = Non-inter-level travel time spent in this place.
 C = Inter-level travel time spent in this place.
 D = Time resting spent in this place.
 E = Time spent auto-exploring this place.
 F = Levels seen in this place.
 G = Mean time per level.
                   A        B        C        D        E       F      G
               +--------+--------+--------+--------+--------+-----+--------+
         Total |   1136 |   1095 |     41 |      0 |    905 |   2 |  568.0 |
       Dungeon |   1136 |   1095 |     41 |      0 |    905 |   2 |  568.0 |
               +--------+--------+--------+--------+--------+-----+--------+

Top non-repeatable levels by time:
     D:1: 740 daAuts
     D:2: 396 daAuts
